 Dungeon Crawl Stone Soup version 0.22.1-6-g1668fe2 (webtiles) character file.

151 doot the Conjurer (level 5, -3/28 HPs)
             Began as a Tengu Conjurer on Jan 23, 2019.
             Killed by divine providence
             ... invoked by an orc priest
              (13 damage)
             ... on level 4 of the Dungeon.
             The game lasted 00:07:30 (3014 turns).

doot the Conjurer (Tengu Conjurer)                  Turns: 3014, Time: 00:07:31

Health: -3/28      AC:  3    Str:  9    XL:     5   Next: 33%
Magic:  5/10       EV: 13    Int: 16    God:
Gold:   134        SH:  0    Dex: 14    Spells: 2/9 levels left

rFire    x . .     SeeInvis .   k - +0 flail (protect)
rCold    + . .     Gourm    .   (no shield)
rNeg     . . .     Faith    .   a - +0 robe
rPois    +         Spirit   .   (helmet restricted)
rElec    .         Reflect  .   (no cloak)
rCorr    .         Harm     .   j - +0 pair of gloves
MR       .....                  (boots unavailable)
Stlth    ++........             (no amulet)
HPRegen  0.09/turn              g - ring of poison resistance
MPRegen  0.12/turn              i - ring of ice

@: no status effects
A: beak, talons 3, able to fly 1
a: Fly


You were on level 4 of the Dungeon.
You were hungry.

You visited 1 branch of the dungeon, and saw 4 of its levels.

You collected 134 gold pieces.

Inventory:

Hand Weapons
 d - a +1 mace of protection
 k - a +0 flail of protection (weapon)
Armour
 a - a +0 robe (worn)
 j - a +0 pair of gloves (worn)
 l - a +0 scale mail of magic resistance
Jewellery
 g - a ring of poison resistance (left hand)
 i - a ring of ice (right hand)
Scrolls
 b - 2 scrolls of identify {unknown}
 m - a scroll of blinking {unknown}
 n - a scroll of remove curse {unknown}
 p - a scroll of teleportation {unknown}
Potions
 e - a potion of invisibility {unknown}
 f - 2 potions of curing {unknown}
 h - a potion of degeneration {unknown}
Comestibles
 c - 3 rations


   Skills:
 + Level 0.6 Maces & Flails
 + Level 2.6 Dodging
 + Level 2.3 Stealth
 + Level 2.8 Spellcasting
 + Level 7.4 Conjurations


You had 2 spell levels left.
You knew the following spells:

 Your Spells              Type           Power        Failure   Level  Hunger
a - Magic Dart            Conj           ####         1%          1    #......
b - Searing Ray           Conj           ####..       1%          2    ##.....
c - Fulminant Prism       Conj/Hex       ##........   38%         4    #####..

Your spell library contained the following spells:

 Spells                   Type           Power        Failure   Level  Hunger
 Iskenderun's Mystic Bla  Conj           ####....     9%          4    #####..
 Dazzling Spray           Conj/Hex       ##....       12%         3    ###....
 Force Lance              Conj/Tloc      ##......     38%         4    #####..


Dungeon Overview and Level Annotations

Branches:
Dungeon (4/15)
 Temple: D:4-7

Altars:
The Shining One

Annotations:
D:3 Grinder


Innate Abilities, Weirdness & Mutations

You have a beak for a mouth.
You have claws for feet.
You can fly.


Message History

The searing ray hits the orc priest.
The orc priest is heavily wounded. (Press . to maintain the ray.)
You are feeling hungry.
The searing ray hits the orc.
You kill the orc!
The orc priest closely misses you.
The searing ray misses the orc priest.
The orc priest hits you.
The searing ray hits the orc priest.
The orc priest is severely wounded.
You finish channeling your searing ray.
The orc priest misses you. The orc priest closely misses you.
The orc priest mumbles some strange prayers to Beogh against you.
Beogh smites you!
Ouch! That really hurt!
The orc priest invokes the aid of Beogh against you.
You barely resist.
The orc priest calls down the wrath of Beogh upon you.
Beogh smites you!
You die...

##..... #......
## ......b ..
....... .##
....... ..
#...... .#
#.....####.#
#....@..o.#####.
##..####o.......
#. # #)#######
##....##.).....#
..............#
#....##.......#
##..o..........#
#.....##.......#
#.... #.......#


You could see 2 orc priests.

Vanquished Creatures
  Jessica (D:3)
  Terence (D:2)
  2 adders
  An ooze (D:2)
  4 worms
  3 dart slugs
  4 leopard geckos
  An orc (D:4)
  5 giant cockroaches
  5 goblins
  3 hobgoblins (D:1)
  4 jackals (D:2)
  A quokka (D:2)
  7 bats
  8 frilled lizards
  3 kobolds
  5 rats
58 creatures vanquished.

Vanquished Creatures (others)
  A fulminant prism (D:3)
1 creature vanquished.

Grand Total: 59 creatures vanquished

Notes
Turn   | Place    | Note
-------+----------+-------------------------------------------
     0 | D:1      | doot the Tengu Conjurer began the quest for the Orb.
     0 | D:1      | Reached XP level 1. HP: 10/10 MP: 4/4
   163 | D:1      | Reached XP level 2. HP: 2/15 MP: 0/6
   457 | D:1      | Reached skill level 6 in Conjurations
   673 | D:1      | Reached XP level 3. HP: 19/19 MP: 2/7
   677 | D:1      | Learned a level 2 spell: Searing Ray
  1177 | D:2      | Found a faded altar of an unknown god.
  1313 | D:2      | Noticed Terence
  1933 | D:2      | Killed Terence
  1933 | D:2      | Reached XP level 4. HP: 20/24 MP: 5/8
  2005 | D:2      | Reached skill level 7 in Conjurations
  2617 | D:3      | Found a glowing golden altar of the Shining One.
  2672 | D:3      | Gained mutation: You can fly. [Tengu growth]
  2672 | D:3      | Reached XP level 5. HP: 28/28 MP: 4/9
  2721 | D:3      | Learned a level 4 spell: Fulminant Prism
  2734 | D:3      | Noticed Jessica
  2755 | D:3      | Killed Jessica
  2955 | D:3      | Noticed Grinder
  2969 | D:3      | Paralysed by Grinder for 6 turns
  3014 | D:4      | Killed from afar by an orc priest

Skill      XL: |  1  2  3  4 |
---------------+-------------+-----
Conjurations   | 6 7 |  7.4
Maces & Flails | |  0.6
Dodging        | |  2.6
Stealth        | |  2.3
Spellcasting   | |  2.8

Action                   |  1- 3 |  4- 6 || total
-------------------------+-------+-------++-------
Melee: Mace              |    11 |       ||    11
       Peck              |     4 |       ||     4
       Kick              |     1 |       ||     1
       Flail             |       |     5 ||     5
 Cast: Magic Dart        |    53 |    28 ||    81
       Searing Ray       |     6 |     5 ||    11
       Fulminant Prism   |       |     1 ||     1
 Stab: Sleeping          |       |     1 ||     1
  Eat: Chunk             |     3 |     5 ||     8
Armor: Robe              |     5 |     2 ||     7
Dodge: Dodged            |    12 |     7 ||    19
